 Dungeon Crawl Stone Soup version 0.17-a0-896-g249456b (webtiles) character file.

2412 Zwobot the Fighter (level 9, -17/60 HPs)
             Began as a Kobold Fighter on May 1, 2015.
             Was a Believer of Makhleb.
             Killed from afar by a wyvern (66 damage)
             ... with an exploding inner flame
             ... hexed by the player character
             ... on level 8 of the Dungeon.
             The game lasted 00:40:50 (9017 turns).

Zwobot the Fighter (Kobold Fighter)                 Turns: 9017, Time: 00:40:57

Health: -17/60     AC: 11    Str: 19    XL:     9   Next: 76%
Magic:  9/9        EV: 21    Int:  6    God:    Makhleb [**....]
Gold:   446        SH:  0    Dex: 18    Spells: 0 memorised, 8 levels left

rFire  x . .     SeeInvis .     b - +0 blowgun
rCold  . . .     Clarity  .     m - +6 leather armour of Boredom {rF- Str+4}
rNeg   + . .     SustAb   .     (shield restricted)
rPois  .         Gourm    .     (no helmet)
rElec  .         Spirit   .     (no cloak)
rCorr  .         Warding  .     O - +0 pair of gloves
rMut   .         Stasis   .     K - +0 pair of boots
MR     +....                    (no amulet)
Stlth  +++.......               u - ring of positive energy
                                f - ring of protection from magic

@: about to teleport, somewhat resistant to hostile enchantments, fairly
stealthy
A: carnivore 3
a: Minor Destruction, Renounce Religion


You were on level 8 of the Dungeon.
You worshipped Makhleb.
Makhleb was pleased with you.
You were very full.

You visited 2 branches of the dungeon, and saw 9 of its levels.

You collected 446 gold pieces.

Inventory:

Hand weapons
 a - a +0 rapier
 b - a +0 blowgun (weapon)
 i - a +0 hunting sling
 j - a +0 hunting sling
 l - a +0 dagger of venom
 x - a +4 dagger of venom
 P - a +2 shortbow of evasion
Missiles
 h - 29 poisoned needles (quivered)
 p - 199 stones
 F - 17 bolts
 I - 21 sling bullets
Armour
 c - a +0 shield
 d - a +0 scale mail
 g - a +0 pair of gloves
 m - the +6 leather armour of Boredom (worn) {rF- Str+4}
   (You took it off a big kobold on level 3 of the Dungeon)

   It affects your strength (+4).
   It makes you vulnerable to fire.
 q - a +0 leather armour
 t - a +0 leather armour
 K - a +0 pair of boots (worn)
 O - a +0 pair of gloves (worn)
Jewellery
 f - a ring of protection from magic (left hand)
 u - a ring of positive energy (right hand)
 E - an uncursed ring of ice
 G - an uncursed ring of positive energy
Scrolls
 v - 4 scrolls of teleportation
 y - 3 scrolls of remove curse
 C - a scroll of enchant armour {unknown}
 D - a scroll of recharging
 L - a scroll of amnesia
Potions
 k - a potion of flight
 n - a potion of mutation
 s - 4 potions of curing
 w - a potion of resistance {unknown}
 A - 3 potions of haste {unknown}
 B - 2 potions of might
 M - a potion of degeneration {unknown}
 N - 2 potions of berserk rage {unknown}
Comestibles
 e - 4 meat rations
 o - 4 beef jerkies
 r - 2 slices of pizza
 J - a royal jelly


   Skills:
 * Level 8.9 Fighting
 - Level 8.0 Short Blades
 - Level 2.4 Armour
 * Level 8.5 Dodging
 + Level 5.0 Stealth
 - Level 2.4 Shields


You had 8 spell levels left.
You didn't know any spells.

Dungeon Overview and Level Annotations

Branches:
Dungeon (8/15)             Temple (1/1) D:5
   Lair: D:8-11

Altars:
Ashenzari
Cheibriados
Dithmenos
Elyvilon
Fedhas
Gozag
Kikubaaqudgha
Makhleb
Nemelex Xobeh
Okawaru
Qazlal
Ru
Sif Muna
Trog
Vehumet
Yredelemnul
Zin
The Shining One

Annotations:
D:4 Robin; Sithun's ghost, average HuWn
D:6 exclusion: zombie, Duvessa


Innate Abilities, Weirdness & Mutations

You are small and have problems with some larger weapons.
You are carnivorous and can eat meat at any time.


Message History

Items here: ))) [ † a falchion; a flail; a morningstar; a plate armour; an orc corpse Unknown command.
Read which item? (? for menu, Esc to quit)
Okay, then.
Wield which item (- for none, * to show all)? (? for menu, Esc to quit)
Your +4 dagger of venom stops dripping with poison.
b - a +0 blowgun (weapon)
The wyvern is engulfed in roaring flames.
Firing (i - inventory. (,) - cycle):
h - 30 poisoned needles (quivered)
Press: ? - help, Shift-Dir - straight line, f - wyvern
Aim: a wyvern (flame, heavily wounded, inner flame)
You shoot a poisoned needle. The poisoned needle hits the wyvern.
The wyvern is poisoned.
The wyvern is heavily wounded.
The wyvern is engulfed in roaring flames. x2
The wyvern explodes!
The fiery explosion engulfs you! The fire burns you terribly!
Ouch! That really hurt!
You die...

.......#.....###.#####
######.######........#
....##.#<............#
....##.#.............#
....##.#.###.........#
....##.#.#....########
....##.#.#.#..# ###
....##(#......#######oo....
................@§§§§oZ....
###..#.....##.#######o.....
##.#####)##.####### ...
#.o..(............. .
##................ .
#................ .
##...............
#..............
#.............


You could see 2 orc wizards, 2 orcs and an adder skeleton.

Vanquished Creatures
  Sigmund (D:2)
  2 orc warriors
  A phantom (D:5)
  4 ogres
  A centaur (D:8)
  A big kobold (D:3)
  3 giant frogs
  A gnoll sergeant (D:7)
  A scorpion (D:5)
  2 crimson imps
  2 hounds
  A quasit (D:7)
  A giant frog skeleton (D:8)
  A centaur skeleton (D:6)
  2 orc priests
  4 orc wizards
  A gnoll shaman (D:7)
  2 iguanas
  10 worker ants
  A hound zombie (D:5)
  2 hound skeletons (D:7)
  8 adders
  12 gnolls
  2 worker ant zombies
  2 shadow imps (D:7)
  3 oozes
  A worm (D:3)
  4 giant geckos
  28 orcs
  A ball python (D:5)
  15 bats
  3 bat skeletons
  A bat zombie (D:6)
  6 giant cockroaches
  17 goblins
  14 hobgoblins
  4 jackals (D:4)
  4 giant newts
  A giant spore (D:6)
  25 kobolds
  3 quokkas
  10 rats
  A ballistomycete (D:6)
  2 plants (D:4)
211 creatures vanquished.

Vanquished Creatures (others)
  A crimson imp (D:6)
  A kobold (D:4)
2 creatures vanquished.

Grand Total: 213 creatures vanquished

Notes
Turn   | Place    | Note
--------------------------------------------------------------
     0 | D:1      | Zwobot, the Kobold Fighter, began the quest for the Orb.
     0 | D:1      | Reached XP level 1. HP: 14/14 MP: 1/1
    66 | D:1      | Reached XP level 2. HP: 14/19 MP: 2/2
   229 | D:1      | Reached skill level 4 in Short Blades
   491 | D:1      | Reached XP level 3. HP: 23/23 MP: 3/3
   775 | D:2      | Found a glowing silver altar of Zin.
   831 | D:2      | Noticed Sigmund
  1351 | D:2      | Reached XP level 4. HP: 24/28 MP: 4/4
  1497 | D:2      | Reached skill level 5 in Short Blades
  1692 | D:2      | Found a glowing golden altar of the Shining One.
  2007 | D:3      | Found a shadowy altar of Dithmenos.
  2125 | D:3      | Found an opulent altar of Gozag.
  2263 | D:2      | Reached skill level 1 in Dodging
  2275 | D:2      | Found a basalt altar of Yredelemnul.
  2391 | D:2      | Reached XP level 5. HP: 28/33 MP: 5/5
  2453 | D:2      | Killed Sigmund
  2453 | D:2      | Reached skill level 6 in Short Blades
  2453 | D:2      | Reached XP level 6. HP: 16/39 MP: 6/6
  3332 | D:4      | Noticed Robin
  3746 | D:4      | Noticed Sithun's ghost (average HuWn)
  3862 | D:4      | Reached skill level 7 in Short Blades
  3862 | D:4      | Reached XP level 7. HP: 31/44 MP: 7/7
  4942 | D:3      | Reached skill level 5 in Fighting
  4945 | D:3      | Got a transparent leather armour
  4956 | D:3      | Identified the +6 leather armour of Boredom {rF- Str+4} (You took it off a big kobold on level 3 of the Dungeon)
  5555 | D:4      | Reached skill level 8 in Short Blades
  5948 | D:5      | Entered Level 5 of the Dungeon
  5969 | D:5      | Reached XP level 8. HP: 48/50 MP: 8/8
  6098 | D:5      | Reached skill level 5 in Dodging
  6270 | D:5      | Found a staircase to the Ecumenical Temple.
  6302 | Temple   | Entered the Ecumenical Temple
  6334 | Temple   | Became a worshipper of Makhleb the Destroyer
  6957 | D:6      | Found a stormy altar of Qazlal.
  6980 | D:6      | Reached skill level 1 in Stealth
  7212 | D:6      | Found an ancient bone altar of Kikubaaqudgha.
  7217 | D:6      | Reached XP level 9. HP: 55/57 MP: 9/9
  7461 | D:6      | Acquired Makhleb's first power
  7658 | D:6      | Noticed Duvessa
  8523 | D:7      | Acquired Makhleb's second power
  9003 | D:8      | Reached skill level 5 in Stealth
  9017 | D:8      | Killed from afar by a wyvern

Action                   |  1- 3 |  4- 6 |  7- 9 || total
-------------------------+-------+-------+-------++-------
Melee: Rapier            |   101 |   225 |   440 ||   766
       Dagger            |     9 |       |   232 ||   241
 Fire: Blowgun           |       |       |    85 ||    85
Throw: Stone             |     1 |     2 |     5 ||     8
       Throwing net      |       |       |     1 ||     1
  Use: Scroll            |     2 |     5 |     5 ||    12
       Potion            |       |     2 |     1 ||     3
 Stab: Sleeping          |       |       |    13 ||    13
       Held in net/web   |       |       |     1 ||     1
       Distracted        |       |       |     3 ||     3
  Eat: Chunk             |     2 |    16 |    16 ||    34
